 Dungeon Crawl Stone Soup version 0.28-a0-811-g00180f5fcc (webtiles) character file.

Game seed: 13122271700512676480

168 Decritt the Gusty (level 5, -1/30 HPs)
             Began as a Tengu Air Elementalist on Nov 8, 2021.
             Slain by a black bear (5 damage)
             ... on level 4 of the Dungeon.
             The game lasted 00:08:25 (3123 turns).

Decritt the Gusty (Tengu Air Elementalist)          Turns: 3123, Time: 00:08:25

Health: -1/30      AC:  2    Str:  9    XL:     5   Next: 49%
Magic:  6/10       EV: 14    Int: 16    God:
Gold:   155        SH:  0    Dex: 14    Spells: 9/10 levels left

rFire   . . .      SeeInvis .   h - +2 falchion (vorpal)
rCold   . . .      Faith    .   (no shield)
rNeg    . . .      Spirit   .   a - +0 robe
rPois   .          Reflect  .   (helmet restricted)
rElec   .          Harm     .   (no cloak)
rCorr   .          Rampage  .   (no gloves)
Will    .....                   (boots unavailable)
Stlth   ++........              e - amulet of regeneration
HPRegen 1.10/turn               (no ring)
MPRegen 0.12/turn               (no ring)

@: flying quickly and evasively, quick
A: beak, talons 3, nimble flight
a: no special abilities


You were on level 4 of the Dungeon.
You visited 1 branch of the dungeon, and saw 4 of its levels.

You collected 155 gold pieces.

Inventory:

Hand Weapons
 b - a +0 club
 h - a +2 vorpal falchion (weapon)
Missiles
 o - 4 datura-tipped darts (quivered)
Armour
 a - a +0 robe (worn)
 f - a +0 chain mail
Jewellery
 e - an amulet of regeneration (around neck)
Scrolls
 c - a scroll of summoning {unknown}
 d - a scroll of enchant weapon {unknown}
 i - a scroll of noise {unknown}
 j - a scroll of brand weapon {unknown}
 n - a scroll of teleportation
Potions
 g - a potion of flight {unknown}
 k - a potion of invisibility
 l - a potion of brilliance
 m - a potion of mutation


   Skills:
 + Level 1.9 Fighting
 - Level 2.1 Dodging
 - Level 2.0 Stealth
 - Level 3.0 Spellcasting
 - Level 3.0 Conjurations
 + Level 5.8 Air Magic


You had 9 spell levels left.
You knew the following spells:

 Your Spells              Type           Power      Damage    Failure   Level
a - Shock                 Conj/Air       64%        1d7       3%          1

Your spell library contained the following spells:

 Spells                   Type           Power      Damage    Failure   Level
 Static Discharge         Conj/Air       16%        N/A       4%          2
 Swiftness                Air            21%        N/A       4%          3
 Airstrike                Air            10%        N/A       17%         4
 Passwall                 Tmut/Erth      1%         N/A       28%         2
 Dazzling Flash           Conj/Hex       14%        N/A       30%         3
 Silence                  Hex/Air        5%         N/A       83%         5
 Agony                    Necr           2%         N/A       99%         5
 Invisibility             Hex            1%         N/A       100%        6


Dungeon Overview and Level Annotations

Branches:
Dungeon (4/15)
 Temple: D:4-7

Altars:
Makhleb

Shops:
D:1 *


Innate Abilities, Weirdness & Mutations

You have a beak for a mouth.
You have claws for feet.
Your magical nature lets you fly swiftly and evasively.


Message History

Confirm with . or Enter, or press ? or * to list all spells.
Aiming: Shock (safe; 3% risk of failure)
Press: ? - help, Shift-Dir - straight line, f/p - black bear
Aim: a black bear (moderately wounded, 79% to hit)
You miscast Shock.
You are very lightly contaminated with residual magic.
Nothing appears to happen.
Your magical contamination has completely faded away.
Casting: Shock (safe; 3% risk of failure)
Confirm with . or Enter, or press ? or * to list all spells.
Aiming: Shock (safe; 3% risk of failure)
Press: ? - help, Shift-Dir - straight line, f/p - black bear
Aim: a black bear (moderately wounded, 79% to hit)
The zap hits the black bear.
The black bear is heavily wounded.
Casting: Shock (safe; 3% risk of failure)
Confirm with . or Enter, or press ? or * to list all spells.
Aiming: Shock (safe; 3% risk of failure)
Press: ? - help, Shift-Dir - straight line, f/p - black bear
Aim: a black bear (heavily wounded, 79% to hit)
The zap hits the black bear.
The black bear is severely wounded.
The black bear goes berserk!
The black bear completely misses you. The black bear claws you!
The black bear claws you.
The black bear barely misses you. x2; The black bear claws you.
* * * LOW HITPOINT WARNING * * *
There is an open door, spattered with blood here.
The black bear rages.
The black bear bites you.
* * * LOW HITPOINT WARNING * * *
The black bear barely misses you. The black bear closely misses you.
The black bear bites you.
* * * LOW HITPOINT WARNING * * *
The black bear barely misses you. The black bear claws you.
* * * LOW HITPOINT WARNING * * *
The black bear misses you. The black bear claws you.
* * * LOW HITPOINT WARNING * * *
The black bear claws you.
You die...

###############.
#...............
#..<............
#...............
#...............
#########'##.#h@##+###
#..........#####.....#
+........(.# #.....#
#..........# #.....#
#..........# #.....#
##..........#
#.....########
...##########
####.........# ...#
#.........# ...#
#.........+


You could see a black bear (berserk).

Vanquished Creatures
  Robin (D:3)
  3 gnolls
  4 adders
  A worm (D:3)
  A dart slug (D:1)
  6 bats
  2 endoplasms (D:1)
  A giant cockroach (D:2)
  16 goblins
  9 hobgoblins
  11 jackals
  2 kobolds
  4 quokkas
  8 ball pythons
  2 frilled lizards (D:2)
  5 rats
76 creatures vanquished.

Notes
Turn   | Place    | Note
-------+----------+-------------------------------------------
     0 | D:1      | Decritt the Tengu Air Elementalist began the quest for the
                  | Orb.
     0 | D:1      | Reached XP level 1. HP: 10/10 MP: 4/4
   258 | D:1      | Reached XP level 2. HP: 15/15 MP: 6/6
   417 | D:1      | Found Toqepookh's Assorted Antiques.
   536 | D:1      | Reached XP level 3. HP: 15/19 MP: 7/7
   998 | D:2      | Found a burning altar of Makhleb.
  1211 | D:1      | Reached XP level 4. HP: 24/24 MP: 1/9
  1406 | D:2      | Reached skill level 5 in Air Magic
  1961 | D:2      | Reached skill level 1 in Fighting
  2223 | D:3      | Gained mutation: Your magical nature lets you fly swiftly
                  | and evasively. [Tengu growth]
  2223 | D:3      | Reached XP level 5. HP: 29/29 MP: 10/10
  2707 | D:3      | Noticed Robin
  2745 | D:3      | Killed Robin
  3096 | D:4      | Noticed a black bear
  3123 | D:4      | Slain by a black bear

Illustrated notes

Levels and vault maps discovered:
D:1:      eino_arrival_cavern_e, layout_loops_ring, serial_shops,
          nicolae_diamond_shop, patterned_corridor
D:2:      layout_basic, basic_altar, basic_ecumenical_altar,
          grunt_decor_resistance, minmay_tree_intersection
D:3:      kennysheep_goblin_castle, layout_rooms
D:4:      layout_gridville, nicolae_overflow_crystal_walls, minmay_pentangle

Skill      XL: |  1  2  3  4 |
---------------+-------------+-----
Conjurations   | 2 3 |  3.0
Air Magic      | 5 |  5.8
Spellcasting   | 3 |  3.0
Fighting       | 1 |  1.9
Dodging        | |  2.1
Stealth        | |  2.0

Action                   |  1- 3 |  4- 6 || total
-------------------------+-------+-------++-------
Melee: Club              |    58 |     5 ||    63
       Kick              |    10 |     6 ||    16
       Peck              |     7 |     2 ||     9
       Unarmed           |     1 |       ||     1
       Falchion          |       |    24 ||    24
Throw: Boomerang         |    51 |    46 ||    97
 Cast: Shock             |    16 |    56 ||    72
  Use: Scroll            |       |     6 ||     6
       Potion            |       |     1 ||     1
Armor: Robe              |    18 |     7 ||    25
Dodge: Dodged            |    78 |    40 ||   118

Table legend: (Time is in decaauts)
 A = Elapsed time spent in this place.
 B = Non-inter-level travel time spent in this place.
 C = Inter-level travel time spent in this place.
 D = Time resting spent in this place.
 E = Time spent auto-exploring this place.
 F = Levels seen in this place.
 G = Mean time per level.
                   A        B        C        D        E       F      G
               +--------+--------+--------+--------+--------+-----+--------+
         Total |   3125 |   3061 |     64 |    561 |   1843 |   4 |  781.2 |
       Dungeon |   3125 |   3061 |     64 |    561 |   1843 |   4 |  781.2 |
               +--------+--------+--------+--------+--------+-----+--------+

Top non-repeatable levels by time:
     D:1: 1324 daAuts
     D:3: 896 daAuts
     D:2: 788 daAuts
     D:4: 115 daAuts
